 Dungeon Crawl Stone Soup version 0.28.0-45-g0d030f2227 (webtiles) character file.

Game seed: 5739773869416294871

3321 H0rd4k the Thaumaturge (level 9, -20/46 HPs)
             Began as a Deep Elf Hedge Wizard on Apr 4, 2022.
             Was an Initiate of Gozag.
             Demolished by a two-headed ogre
             ... wielding a +0 giant spiked club
              (34 damage)
             ... on level 9 of the Dungeon.
             The game lasted 00:16:39 (11817 turns).

H0rd4k the Thaumaturge (Deep Elf Hedge Wizard)     Turns: 11817, Time: 00:16:40

Health: -20/46     AC:  2    Str:  7    XL:     9   Next: 71%
Magic:  7/27       EV: 13    Int: 24    God:    Gozag
Gold:   349        SH:  0    Dex: 14    Spells: 23/32 levels left

rFire   + . .      SeeInvis .   b - +2 dagger (drain)
rCold   x . .      Faith    .   C - orb {light}
rNeg    . . .      Spirit   .   B - +0 robe {Archmagi}
rPois   .          Reflect  .   c - +0 hat
rElec   .          Harm     +   D - scarf {harm}
rCorr   .          Rampage  .   (no gloves)
Will    .....      Archmagi +   (no boots)
Stlth   +.........              (no amulet)
HPRegen 0.15/turn               z - ring of fire
MPRegen 0.20/turn               (no ring)

@: glowing
A: no striking features
a: Renounce Religion, Potion Petition, Call Merchant, Bribe Branch


You were on level 9 of the Dungeon.
You worshipped Gozag.
Gozag was aware of your devotion.
You visited 2 branches of the dungeon, and saw 10 of its levels.

You collected 430 gold pieces.
You paid 81 gold pieces to Gozag.

Inventory:

Hand Weapons
 b - a +2 dagger of draining (weapon)
Armour
 a - a +1 robe of resistance
 c - a +0 hat (worn)
 B - a +0 robe of the Archmagi (worn)
 C - an orb of light (worn)
 D - a scarf of harm (worn)
Jewellery
 z - a ring of fire (left hand)
 A - an amulet of the acrobat
 E - an amulet of magic regeneration
Wands
 r - a wand of polymorph (4)
 x - a wand of digging (6)
Scrolls
 e - a scroll of summoning {unknown}
 f - 2 scrolls of noise {unknown}
 k - 2 scrolls of identify {unknown}
 l - 2 scrolls of blinking {unknown}
 n - 2 scrolls of enchant weapon {unknown}
 o - a scroll of teleportation {unknown}
 p - a scroll of immolation {unknown}
 s - 2 scrolls of enchant armour {unknown}
 u - a scroll of amnesia {unknown}
 y - a scroll of brand weapon {unknown}
 F - a scroll of fog {unknown}
Potions
 d - 3 potions of might {unknown}
 g - 2 potions of resistance {unknown}
 h - 2 potions of brilliance {unknown}
 i - a potion of attraction {unknown}
 j - 4 potions of haste {unknown}
 m - 3 potions of lignification {unknown}
 q - 3 potions of curing
 t - a potion of ambrosia {unknown}
 v - a potion of cancellation {unknown}
 w - a potion of heal wounds {unknown}


   Skills:
 + Level 0.6 Fighting
 + Level 3.6 Dodging
 - Level 2.4 Stealth
 + Level 12.2 Spellcasting
 + Level 9.8 Conjurations
 + Level 1.2 Summonings
 + Level 2.1 Translocations
 + Level 2.9 Fire Magic
 + Level 2.3 Air Magic
 + Level 2.6 Poison Magic


You had 23 spell levels left.
You knew the following spells:

 Your Spells              Type           Power      Damage    Failure   Level
a - Magic Dart            Conj           100%       1d8       1%          1
b - Blink                 Tloc           74%        N/A       2%          2
c - Conjure Flame         Conj/Fire      80%        6-21      1%          3
d - Mephitic Cloud        Conj/Pois/Air  55%        N/A       1%          3

Your spell library contained the following spells:

 Spells                   Type           Power      Damage    Failure   Level
 Stone Arrow              Conj/Erth      100%       3d13      1%          3
 Call Imp                 Summ           30%        N/A       3%          2
 Sandblast                Erth           42%        2d11      4%          1
 Slow                     Hex            84%        N/A       4%          1
 Passwall                 Tmut/Erth      17%        N/A       6%          2
 Sublimation of Blood     Necr           21%        N/A       6%          2
 Wereblood                Tmut           21%        N/A       6%          2
 Ozocubu's Armour         Ice            21%        N/A       13%         3
 Ozocubu's Refrigeration  Ice            10%        4d7       100%        7
 Summon Hydra             Summ           15%        N/A       100%        7


Dungeon Overview and Level Annotations

Branches:
Dungeon (9/15)             Temple (1/1) D:6
   Lair: D:8-11         Orc: D:9-12

Altars:
Ashenzari
Cheibriados
Dithmenos
Elyvilon
Gozag
Hepliaklqana
Kikubaaqudgha
Makhleb
Nemelex Xobeh
Okawaru
Ru
Sif Muna
Trog
Uskayaw
Vehumet
Wu Jian
Xom
Yredelemnul
Zin
The Shining One

Annotations:
D:2 exclusion: downstairs
D:5 1 runed translucent door, exclusions: door, downstairs, phantom and 2 upstairs, Crazy Yiuf
D:8 Erica
D:9 exclusion: upstairs


Message History

Press ? for a list of commands and other information.
You feel a surge of power!
The magic dart hits the two-headed ogre but does no damage.
The two-headed ogre is engulfed in blazing flames.
You feel a surge of power!
The magic dart hits the two-headed ogre.
The two-headed ogre is moderately wounded.
You feel a surge of power!
The magic dart hits the two-headed ogre.
The two-headed ogre is moderately wounded.
The two-headed ogre is engulfed in blazing flames.
You feel a surge of power!
The magic dart hits the two-headed ogre.
The two-headed ogre is severely wounded.
You feel a surge of power!
The magic dart hits the two-headed ogre.
The two-headed ogre is severely wounded.
You feel a surge of power!
The magic dart hits the two-headed ogre but does no damage.
The two-headed ogre is severely wounded.
You feel a surge of power!
The magic dart hits the two-headed ogre.
The two-headed ogre is almost dead.
The two-headed ogre seems less confused.
The two-headed ogre closely misses you.
The two-headed ogre hits you with a +0 giant spiked club!
You feel a surge of power!
The magic dart hits the two-headed ogre but does no damage.
The two-headed ogre is almost dead.
Casting: Magic Dart (safe; 1% risk of failure)
Confirm with . or Enter, or press ? or * to list all spells.
You feel a surge of power!
You blink.
You feel a surge of power!
The magic dart hits the two-headed ogre.
The two-headed ogre is almost dead.
You feel stable enough to blink again.
The two-headed ogre hits you with a +0 giant spiked club!! x2
Ouch! That really hurt!
You die...
Your body crumbles into a pile of gold.

....h..$.# ###$# ###
#########+##.$.##...#
#.....................
#..............O......
#.....................
#....................}
#....####.###+######'#
###..####.##@..# #
#.....#.§§O...+
#.....#.§.....#
#<....#.......#
##....#..######
########...# #....#
#....# #....+


You could see a two-headed ogre.

Vanquished Creatures
  Pikel (D:5)
  Joseph (D:7)
  Sigmund (D:5)
  A wyvern (D:7)
  A water moccasin (D:7)
  2 sky beasts
  An ice beast (D:5)
  4 ogres
  A necrophage (D:6)
  2 phantoms (D:5)
  3 lemures (D:5)
  2 kobold brigands
  A bullfrog (D:8)
  A water moccasin skeleton (D:6)
  2 howler monkeys (D:9)
  A centaur zombie (D:7)
  A jelly (D:5)
  2 hounds
  2 bullfrog skeletons
  3 orc priests
  8 iguanas
  A centaur skeleton (D:6)
  2 gnoll shamans
  4 orc wizards
  A hound skeleton (D:4)
  2 howler monkey zombies
  5 adders
  12 gnolls
  A shadow imp (D:6)
  A white imp (D:5)
  2 worms
  3 dart slugs
  21 orcs
  7 ball pythons
  5 bats
  4 endoplasms
  3 giant cockroaches
  13 goblins
  8 hobgoblins
  3 jackals (D:1)
  2 quokkas
  2 frilled lizards (D:1)
  5 kobolds
  2 rats (D:1)
150 creatures vanquished.

Vanquished Creatures (others)
  19 plants
19 creatures vanquished.

Grand Total: 169 creatures vanquished

Notes
Turn   | Place    | Note
-------+----------+-------------------------------------------
     0 | D:1      | H0rd4k the Deep Elf Hedge Wizard began the quest for the
                  | Orb.
     0 | D:1      | Reached XP level 1. HP: 10/10 MP: 7/7
   205 | D:1      | Found a faded altar of an unknown god.
   270 | D:1      | Reached XP level 2. HP: 15/15 MP: 5/9
   440 | D:1      | Reached skill level 5 in Spellcasting
  1022 | D:1      | Reached XP level 3. HP: 19/19 MP: 4/11
  1025 | D:1      | Learned a level 2 spell: Blink
  1029 | D:1      | Learned a level 3 spell: Conjure Flame
  1033 | D:1      | Learned a level 3 spell: Mephitic Cloud
  1213 | D:2      | Found a hazy altar of Hepliaklqana.
  1992 | D:3      | Found a shimmering blue altar of Sif Muna.
  3189 | D:3      | Reached XP level 4. HP: 24/24 MP: 8/13
  3617 | D:4      | Found a shimmering altar of Xom.
  3625 | D:4      | Found a shimmering altar of Xom.
  3625 | D:4      | Found a shimmering altar of Xom.
  3625 | D:4      | Found a shimmering altar of Xom.
  3627 | D:4      | Found a shimmering altar of Xom.
  3627 | D:4      | Found a shimmering altar of Xom.
  3699 | D:5      | Entered Level 5 of the Dungeon
  3801 | D:5      | Reached skill level 6 in Spellcasting
  3801 | D:5      | Reached skill level 1 in Fire Magic
  3801 | D:5      | Reached XP level 5. HP: 14/28 MP: 3/15
  4103 | D:5      | Reached skill level 1 in Poison Magic
  4334 | D:5      | Reached skill level 1 in Air Magic
  4673 | D:5      | Reached XP level 6. HP: 32/32 MP: 4/17
  4859 | D:5      | Reached skill level 7 in Spellcasting
  5003 | D:5      | Reached XP level 7. HP: 37/37 MP: 10/19
  5033 | D:5      | Reached skill level 8 in Spellcasting
  5301 | D:5      | Noticed Sigmund
  5313 | D:5      | Killed Sigmund
  5314 | D:5      | Reached skill level 5 in Conjurations
  5515 | D:5      | Noticed Pikel
  5934 | D:4      | Reached skill level 9 in Spellcasting
  6222 | D:4      | Found a glowing silver altar of Zin.
  6222 | D:4      | Found a sparkling altar of Nemelex Xobeh.
  6340 | D:4      | Reached XP level 8. HP: 42/42 MP: 14/23
  7644 | D:5      | Found a runed translucent door.
  7645 | D:5      | Noticed Crazy Yiuf
  8004 | D:5      | Killed Pikel
  8005 | D:5      | Reached skill level 10 in Spellcasting
  8564 | D:5      | Reached skill level 11 in Spellcasting
  8564 | D:5      | Reached XP level 9. HP: 46/46 MP: 16/26
  9509 | D:6      | Found a staircase to the Ecumenical Temple.
  9622 | Temple   | Entered the Ecumenical Temple
  9709 | Temple   | Became a worshipper of Gozag Ym Sagoz the Greedy
  9779 | D:6      | You fall into a shaft and drop 1 floor!
 10271 | D:7      | Found a hazy altar of Hepliaklqana.
 10663 | D:7      | Noticed Joseph
 10682 | D:7      | Killed Joseph
 10917 | D:7      | Reached skill level 12 in Spellcasting
 11114 | D:7      | Found an ornate altar of the Wu Jian Council.
 11484 | D:8      | Noticed Erica
 11684 | D:9      | Noticed a two-headed ogre
 11817 | D:9      | Demolished by a two-headed ogre

Illustrated notes

Levels and vault maps discovered:
D:1:      psy_arrival_radial02, layout_rooms, ebering_ecumenical_altar_petrified
D:2:      layout_basic, basic_altar, serial_bayou_lake_a
D:3:      kennysheep_the_goblin_king, layout_loops_corners,
          amcnicky_altar_gilded
D:4:      layout_loops_ring, xom_redecorated, gammafunk_temple_overflow_wave,
          serial_bayou, serial_bayou_shore_b, serial_bayou_pond_a,
          serial_bayou_pond_b, serial_bayou_pond_b
D:5:      layout_loops_corners, eino_small_chamber_without_monster,
          chequers_serial_rivers_micro_a, minmay_hedge_maze,
          minmay_starry_boxes, uniq_sigmund, uniq_crazy_yiuf_cottage, uniq_pikel
D:6:      layout_gridville, minmay_temple_entry_glassed_door, minivault_14
D:7:      layout_cave_pools, mainiacjoe_overflow_surrounded_room,
          mainiacjoe_overflow_boulevard, uniq_joseph
D:8:      layout_cave_pools, uniq_erica
D:9:      layout_gridville, grunt_temple_overflow_forces_of_nature, special_room
          [special_room_bee], minmay_three_doors
Temple:   nicolae_temple_great_sept

Skill      XL: |  1  2  3  4  5  6  7  8  9 |
---------------+----------------------------+-----
Spellcasting   | 5 6 7 9 11 12 | 12.2
Conjurations   | 2 3 4 5 8 9 |  9.8
Fire Magic     | 1 2 |  2.9
Dodging        | 3 |  3.6
Poison Magic   | 1 2 |  2.6
Air Magic      | 1 2 |  2.3
Translocations | 2 |  2.1
Fighting       | |  0.6
Stealth        | |  2.4
Summonings     | |  1.2

Action                   |  1- 3 |  4- 6 |  7- 9 || total
-------------------------+-------+-------+-------++-------
Melee: Dagger            |     8 |       |       ||     8
 Cast: Magic Dart        |   143 |   101 |   392 ||   636
       Blink             |       |     5 |     4 ||     9
       Conjure Flame     |       |     6 |    34 ||    40
       Mephitic Cloud    |       |     3 |    13 ||    16
Armor: Robe              |     4 |       |     4 ||     8
       Leather armour    |     2 |     7 |     3 ||    12
Dodge: Dodged            |    25 |    26 |    50 ||   101
